 Dungeon Crawl Stone Soup version 0.27.1 (webtiles) character file.

Game seed: 60575537374437516

46 Tinkle the Chopper (level 3, -1/34 HPs)
             Began as a Minotaur Berserker on Sept 3, 2021.
             Was a Believer of Trog.
             Slain by an iguana (13 damage)
             ... on level 2 of the Dungeon.
             The game lasted 00:03:28 (1143 turns).

Tinkle the Chopper (Minotaur Berserker)             Turns: 1143, Time: 00:03:29

Health: -1/34      AC:  2    Str: 22    XL:     3   Next: 46%
Magic:  2/2        EV: 11    Int:  4    God:    Trog [**....]
Gold:   24         SH:  2    Dex:  9    Spells: 2/2 levels left

rFire    . . .     SeeInvis .   a - +0 hand axe
rCold    . . .     Faith    .   d - +0 buckler
rNeg     . . .     Spirit   .   b - +0 animal skin
rPois    .         Reflect  .   (helmet restricted)
rElec    .         Harm     .   (no cloak)
rCorr    .         Rampage  .   (no gloves)
Will     .....                  (no boots)
Stlth    +.........             (no amulet)
HPRegen  0.11/turn              (no ring)
MPRegen  0.08/turn              (no ring)

@: no status effects
A: horns 2, retaliatory headbutt
a: Renounce Religion, Berserk, Trog's Hand


You were on level 2 of the Dungeon.
You worshipped Trog.
Trog was pleased with you.
You visited 1 branch of the dungeon, and saw 2 of its levels.

You collected 24 gold pieces.

Inventory:

Hand Weapons
 a - a +0 hand axe (weapon)
Armour
 b - a +0 animal skin (worn)
 d - a +0 buckler (worn)
Scrolls
 e - a scroll of brand weapon {unknown}
Potions
 c - a potion of might {unknown}


   Skills:
 + Level 4.4 Fighting
 + Level 4.9 Axes
 - Level 2.4 Armour
 - Level 2.1 Dodging


You had 2 spell levels left.
You didn't know any spells.
Your spell library was empty.

Dungeon Overview and Level Annotations

Branches:
Dungeon (2/15)

Altars:


Innate Abilities, Weirdness & Mutations

You have a pair of horns on your head.
You reflexively headbutt those who attack you in melee.


Message History

The stone hits you.
The goblin unwields a +0 hunting sling.
The goblin wields a +0 dagger.
The goblin closely misses you.
You hit the goblin.
You kill the goblin!
Trog accepts your kill.
No target in view!
No target in view!
An iguana comes into view.
Unknown command.
An iguana is nearby!
The iguana hisses angrily.
You hit the iguana but do no damage. The iguana barely misses you.
You hit the iguana but do no damage. You headbutt the iguana.
The iguana is lightly wounded.
The iguana closely misses you. The iguana bites you!
You are too injured to fight recklessly!
You are too injured to fight recklessly!
You are too injured to fight recklessly!
You are too injured to fight recklessly!
Unknown command.
You are too injured to fight recklessly!
You are too injured to fight recklessly!
You slash the iguana!
The iguana is heavily wounded.
You block the iguana's attack.
You hit the iguana.
The iguana is severely wounded.
The iguana bites you!
You closely miss the iguana.
The iguana is severely wounded.
The iguana barely misses you.
You hit the iguana but do no damage.
The iguana is severely wounded.
The iguana closely misses you.
Unknown command.
You hit the iguana but do no damage.
The iguana is severely wounded.
The iguana bites you!
You die...

# .. # #.#### # ##..... #
.?.##.################
#..##.................
#####..<.............#####
.......####.....###..#####
#....@l..)............
#..####....>###.......
#).# #[....# #..##.##
....# ###.### #.......
###....# #.# ##.##.##
#.##.# #.# #.##.## #. #.#
#.# #.##.# #. #.# #.#
#.##.## #. #.# ##.#
#.##.#.


You could see an iguana.

Vanquished Creatures
  An adder (D:2)
  2 dart slugs (D:1)
  2 ball pythons (D:2)
  2 bats (D:2)
  4 endoplasms
  3 giant cockroaches (D:2)
  3 goblins
  4 hobgoblins
  3 kobolds
  2 frilled lizards
  4 rats
30 creatures vanquished.

Notes
Turn   | Place    | Note
-------+----------+-------------------------------------------
     0 | D:1      | Tinkle the Minotaur Berserker began the quest for the Orb.
     0 | D:1      | Reached XP level 1. HP: 19/19 MP: 0/0
   134 | D:1      | Reached XP level 2. HP: 20/27 MP: 1/1
   487 | D:1      | Found a faded altar of an unknown god.
   807 | D:2      | Reached XP level 3. HP: 28/33 MP: 2/2
  1114 | D:2      | Reached ** piety under Trog
  1143 | D:2      | Slain by an iguana

Illustrated notes

Levels and vault maps discovered:
D:1:      dpeg_arrival_more_subterranean_lakeside_camping, layout_rooms,
          dilly_ecumenical_altar_fadedgnrine
D:2:      layout_loops_ring

Skill      XL: |  1  2 |
---------------+-------+-----
Axes           | 4 |  4.9
Fighting       | 4 |  4.4
Armour         | |  2.4
Dodging        | |  2.1

Action                   || total
-------------------------++-------
Melee: Hand axe          ||    62
       Headbutt          ||     8
 Stab: Sleeping          ||     1
Armor: Animal skin       ||     5
Dodge: Dodged            ||    34
Block: Buckler           ||     8
